 Dungeon Crawl Stone Soup version 0.20.1-1-g8b1a95d (webtiles) character file.

408 Linguinho the Ruffian (level 6, -7/61 HPs)
             Began as a Troll Monk on Nov 13, 2017.
             Killed from afar by Dowan (17 damage)
             ... with a stone arrow
             ... on level 4 of the Dungeon.
             The game lasted 00:02:21 (2144 turns).

Linguinho the Ruffian (Troll Monk)                  Turns: 2144, Time: 00:02:23

Health: -7/61      AC:  5    Str: 22    XL:     6   Next: 57%
Magic:  5/5        EV: 11    Int:  6    God:
Gold:   124        SH:  0    Dex: 12    Spells: 5/5 levels left

rFire    . . .     SeeInvis .     - Unarmed
rCold    . . .     Gourm    +   (no shield)
rNeg     . . .     Faith    .   a - +0 robe
rPois    .         Spirit   .   (helmet restricted)
rElec    .         Reflect  .   (no cloak)
rCorr    .         Harm     .   (gloves unavailable)
MR       .....                  (boots unavailable)
Stlth    ++........             (no amulet)
Regen    0.6/turn               (no ring)
MPRegen  0.1/turn               (no ring)

@: no status effects
A: unfitting armour, claws 3, fast metabolism 3, gourmand, regeneration 1,
shaggy fur 1, tough skin 2
a: no special abilities


You were on level 4 of the Dungeon.
You were not hungry.

You visited 1 branch of the dungeon, and saw 4 of its levels.

You collected 124 gold pieces.

Inventory:

Armour
 a - a +0 robe (worn)
Jewellery
 g - a cursed ring of teleportation {unknown}
 m - an uncursed ring of flight {unknown}
Wands
 u - a wand of lightning (5/15)
Scrolls
 e - a scroll of magic mapping {unknown}
 f - a scroll of immolation {unknown}
 j - a scroll of enchant armour {unknown}
 n - 2 scrolls of teleportation {unknown}
 p - a scroll of enchant weapon {unknown}
 q - 3 scrolls of identify {unknown}
 t - 2 scrolls of recharging {unknown}
Potions
 c - 4 potions of curing {unknown}
 d - 2 potions of lignification {unknown}
 h - a potion of degeneration {unknown}
 i - a potion of berserk rage {unknown}
 k - a potion of resistance {unknown}
 r - a potion of heal wounds {unknown}
 s - a potion of cancellation {unknown}
Comestibles
 b - 4 bread rations
 l - 8 fruits
 o - a meat ration


   Skills:
 + Level 3.4 Fighting
 + Level 3.7 Dodging
 - Level 1.0 Stealth
 + Level 6.0 Unarmed Combat


You had 5 spell levels left.
You didn't know any spells.

Dungeon Overview and Level Annotations

Branches:
Dungeon (4/15)
 Temple: D:4-7

Altars:
Ashenzari
Trog
Vehumet

Annotations:
D:4 Dowan


Innate Abilities, Weirdness & Mutations

You are too large for most types of armour.
You have claws for hands.
Your metabolism is lightning-fast.
You like to eat raw meat.
Your natural rate of healing is unusually fast.
You are covered in fur. (AC +1)
You have very tough skin. (AC +2)


Message History

Dowan seems to find hidden reserves of power!
Your Unarmed Combat skill increases to level 6!
Dowan breathes, "And she was my only..."
Dowan hits you with a dagger of protection.
* * * LOW HITPOINT WARNING * * *
You scratch Dowan.
Dowan is moderately wounded.
Dowan hits you with a dagger of protection.
* * * LOW HITPOINT WARNING * * *
You closely miss Dowan. Your claw misses Dowan.
Dowan is moderately wounded.
Dowan hits you with a dagger of protection.
* * * LOW HITPOINT WARNING * * *
You barely miss Dowan.
Dowan is moderately wounded.
Dowan hits you with a dagger of protection.
* * * LOW HITPOINT WARNING * * *
Dowan gestures at you while chanting. The stone arrow hits you!
You die...

..###...###.....# #.
###.#####.###...#
#.###....#.#....###.####
#.......##.##...........
#...... #...#...........
#......##...##..........
#......#.....#..........
#.....)#.....#..........
#......@##.#######......
##$....e##..............
#......#####...........
#......# #......#....
#.....># ########....
#......# #[... #.......
#.... #####... #....
#....


You could see Dowan.

Vanquished Creatures
  Duvessa (D:4)
  A centaur (D:3)
  A bullfrog skeleton (D:4)
  3 orc wizards (D:3)
  Jessica (D:3)
  2 adders (D:2)
  2 worms
  6 dart slugs
  2 leopard geckos
  4 orcs
  4 bats
  2 giant cockroaches
  3 goblins
  9 hobgoblins
  2 kobolds
  2 quokkas (D:2)
  4 frilled lizards
  6 rats
55 creatures vanquished.

Notes
Turn   | Place    | Note
-------+----------+-------------------------------------------
     0 | D:1      | Linguinho the Troll Monk began the quest for the Orb.
     0 | D:1      | Reached XP level 1. HP: 22/22 MP: 0/0
    48 | D:1      | Reached XP level 2. HP: 19/29 MP: 1/1
   412 | D:2      | Reached XP level 3. HP: 33/36 MP: 2/2
  1065 | D:2      | Found a bloodstained altar of Trog.
  1065 | D:2      | Found a radiant altar of Vehumet.
  1344 | D:3      | Reached XP level 4. HP: 41/45 MP: 3/3
  1350 | D:3      | Reached skill level 4 in Unarmed Combat
  1365 | D:3      | Reached XP level 5. HP: 30/53 MP: 4/4
  1433 | D:3      | Noticed Jessica
  1438 | D:3      | Killed Jessica
  1691 | D:3      | Noticed a centaur
  1699 | D:3      | Killed a centaur
  1699 | D:3      | Reached skill level 5 in Unarmed Combat
  1699 | D:3      | Reached XP level 6. HP: 41/61 MP: 5/5
  2086 | D:4      | Found a shattered altar of Ashenzari.
  2130 | D:4      | Noticed Dowan
  2131 | D:4      | Noticed Duvessa
  2141 | D:4      | Killed Duvessa
  2141 | D:4      | Reached skill level 6 in Unarmed Combat
  2144 | D:4      | Killed from afar by Dowan

Skill      XL: |  1  2  3  4  5  6 |
---------------+-------------------+-----
Fighting       | 3 |  3.4
Dodging        | 3 |  3.7
Unarmed Combat | 4 5 6 |  6.0
Stealth        | |  1.0

Action                   |  1- 3 |  4- 6 || total
-------------------------+-------+-------++-------
Melee: Unarmed           |    84 |    94 ||   178
       Punch             |     1 |     4 ||     5
 Stab: Sleeping          |     5 |       ||     5
  Eat: Chunk             |     7 |    12 ||    19
Armor: Robe              |    22 |    27 ||    49
Dodge: Dodged            |    31 |    38 ||    69
